 Dungeon Crawl Stone Soup version 0.29.0-13-gc9e81de378 (webtiles) character file.

Game seed: 334377711176526005

1389 MirrMurr the Trooper (level 8, -4/64 HPs)
             Began as a Demonspawn Berserker on Sept 8, 2022.
             Was a Priest of Trog.
             Killed from afar by an electric eel (14 damage)
             ... with a bolt of electricity
             ... on level 7 of the Dungeon.
             The game lasted 00:12:57 (5929 turns).

MirrMurr the Trooper (Demonspawn Berserker)         Turns: 5929, Time: 00:12:58

Health: -4/64      AC:  9    Str: 20    XL:     8   Next: 40%
Magic:  8/8        EV: 14    Int:  9    God:    Trog [***...]
Gold:   252        SH:  0    Dex: 12    Spells: 7/7 levels left

rFire   + . .      SeeInvis .   a - +0 broad axe
rCold   + . .      Faith    .   (no shield)
rNeg    . . .      Spirit   .   j - +1 chain mail
rPois   +          Reflect  .   (helmet restricted)
rElec   .          Harm     .   p - scarf {rC+ rF+}
rCorr   .          Rampage  .   (no gloves)
Will    .....                   (no boots)
Stlth   ..........              (no amulet)
HPRegen 0.20/turn               o - ring of flight
MPRegen 0.11/turn               D - ring of poison resistance

@: agile, flying
A: horns 1, powered by pain 1, demonic touch 1
a: Renounce Religion, Berserk, Trog's Hand


You were on level 7 of the Dungeon.
You worshipped Trog.
Trog was most pleased with you.
You visited 2 branches of the dungeon, and saw 8 of its levels.

You collected 340 gold pieces.
You spent 88 gold pieces at shops.

Inventory:

Hand Weapons
 a - a +0 broad axe (weapon)
 b - a +1 spear
Missiles
 d - 13 stones (quivered)
 k - 4 javelins
 t - a boomerang
 u - 3 atropa-tipped darts
Armour
 j - a +1 chain mail (worn)
 p - a scarf of resistance (worn)
Jewellery
 f - a ring of resist corrosion
 o - a ring of flight (left hand)
 s - a ring of ice
 y - a ring of protection from fire
 D - a ring of poison resistance (right hand)
Wands
 x - a wand of polymorph (4)
Scrolls
 m - 2 scrolls of fear
 q - 5 scrolls of teleportation
 r - a scroll of fog
Potions
 c - 2 potions of cancellation
 e - 2 potions of might
 g - a potion of berserk rage {unknown}
 h - a potion of flight {unknown}
 i - a potion of degeneration {unknown}
 l - a potion of haste
 n - 2 potions of heal wounds
 v - a potion of attraction
 w - 3 potions of mutation
 z - a potion of magic {unknown}
 A - a potion of curing {unknown}
 B - a potion of invisibility {unknown}


   Skills:
 + Level 5.9 Fighting
 * Level 4.6(5.8) Axes
 - Level 5.3(6.2) Polearms
 - Level 1.7 Armour
 + Level 5.0 Dodging


You had 7 spell levels left.
You didn't know any spells.
Your spell library was empty.

Dungeon Overview and Level Annotations

Branches:
Dungeon (7/15)             Temple (1/1) D:5

Altars:
Ashenzari
Cheibriados
Fedhas
Gozag
Hepliaklqana
Kikubaaqudgha
Makhleb
Nemelex Xobeh
Qazlal
Ru
Trog
Uskayaw
Vehumet
Wu Jian
Yredelemnul

Shops:
D:2 :*!:(   D:4 ?(*

Annotations:
D:5 2 runed translucent doors


Innate Abilities, Weirdness & Mutations

You have a pair of small horns on your head.
You sometimes gain a little power by taking damage.
Your touch may inflict minor irresistible damage on your foes.


Message History

There is a stone staircase leading up here.
You fly upwards.
Your summoned ally is left behind.
There is a stone staircase leading down here.
HP restored.
Done exploring.
You fly downwards.
There is a stone staircase leading up here.
Blink to where?
Press: ? - help, Dir - move target
As you read the scroll labelled OBAIZU FISHOZUBB, it crumbles to dust.
It was a scroll of blinking.
An electric eel comes into view.
The electric eel shoots out a bolt of lightning at you!
The bolt of electricity hits you!
The electric eel shoots out a bolt of lightning at you!
The bolt of electricity hits you.
The electric eel shoots out a bolt of lightning at you!
The bolt of electricity hits you!
You focus on the pain.
You feel agile all of a sudden. The bolt of electricity hits you.
The electric eel shoots out a bolt of lightning at you!
The bolt of electricity misses you.
The electric eel shoots out a bolt of lightning at you!
The bolt of electricity hits you! The bolt of electricity hits you.
You are too injured to fight recklessly!
You are too injured to fight recklessly!
You are too injured to fight recklessly!
You are too injured to fight recklessly!
You are too injured to fight recklessly!
You miss the electric eel. Your headbutt misses the electric eel.
The electric eel shoots out a bolt of lightning at you!
The bolt of electricity hits you.
* * * LOW HITPOINT WARNING * * *
The bolt of electricity misses you.
You closely miss the electric eel. Your touch misses the electric eel.
The electric eel shoots out a bolt of lightning at you!
The bolt of electricity hits you!
* * * LOW HITPOINT WARNING * * *
The bolt of electricity hits you!
You die...

### **#####.#############********
#,,...#..............,,,,,,,,
#.**#.#.#####.######*********
#.###..............#* ****
#.†.#..###~..~###...#*****,,,
*,#.#.#...#~@#...#.....,,,,,,
****#...#.⌠.#≈S#.⌠.#,....,,,,,,
***,,,#.#.#...#≈≈#...#,,...,,,,,*
,,,,,,#<#..###~≈≈~###..,,..,,,,,*
,,,,,,#.#....~≈≈≈≈~,,...,,.,,,,,,
,,,,,,#.#....~≈≈≈≈~,,,...,,>,,,,,
,,,,,,#.#..###≈≈≈≈#**,,.#*****,,,
,,,,,,#.#.#.,.#≈≈#.,,*,,*********
,,,,,,#.#.#.⌠,*~~*,⌠,*,,,,,,,,,,,


You could see an electric eel.

Vanquished Creatures
  2 water moccasins (D:4)
  A black bear (D:7)
  An orc warrior (D:6)
  3 ice beasts (D:6)
  A phantom (D:6)
  2 scorpions (D:5)
  2 hounds
  2 jellies (D:6)
  A gnoll bouda (D:4)
  2 orc priests
  Natasha (thrice) (D:2)
  An orc wizard (D:3)
  8 adders
  4 gnolls (D:4)
  A shadow imp (D:6)
  An ufetubus (D:6)
  A worm (D:3)
  A dart slug (D:3)
  15 orcs
  5 ball pythons
  3 endoplasms
  3 giant cockroaches
  8 goblins
  6 hobgoblins
  5 jackals
  3 quokkas
  3 bats (D:3)
  2 frilled lizards
  3 kobolds
  5 rats
98 creatures vanquished.

Notes
Turn   | Place    | Note
-------+----------+-------------------------------------------
     0 | D:1      | MirrMurr the Demonspawn Berserker began the quest for the
                  | Orb.
     0 | D:1      | Reached XP level 1. HP: 18/18 MP: 1/1
   297 | D:1      | Discovered your monstrous ancestry.
   297 | D:1      | Gained mutation: Your touch may inflict minor irresistible
                  | damage on your foes. [demonic ancestry]
   297 | D:1      | Reached XP level 2. HP: 17/24 MP: 2/2
   454 | D:1      | You fall into a shaft and drop 1 floor!
   483 | D:2      | Found Okewongi's Distillery.
   493 | D:2      | Found Dyqeqei's Assorted Antiques.
   525 | D:2      | Found a bloodstained altar of Trog.
   534 | D:2      | Noticed Natasha
   541 | D:2      | Killed Natasha
   542 | D:2      | Gained mutation: You have a pair of small horns on your
                  | head. [demonic ancestry]
   542 | D:2      | Reached XP level 3. HP: 19/29 MP: 3/3
   616 | D:2      | Noticed Natasha
   620 | D:2      | Killed Natasha
   694 | D:2      | Noticed Natasha
   697 | D:2      | Killed Natasha
   698 | D:2      | Reached XP level 4. HP: 25/36 MP: 4/4
   798 | D:2      | Reached ** piety under Trog
   841 | D:2      | Found Wozamm's Book Boutique.
  1348 | D:2      | Found Ridunlesu's Book Emporium.
  1363 | D:2      | Found Pegg's Antique Weapon Boutique.
  1596 | D:3      | Found an ornate altar of the Wu Jian Council.
  1688 | D:3      | Reached XP level 5. HP: 37/42 MP: 5/5
  2214 | D:3      | Reached *** piety under Trog
  2347 | D:4      | Found a sparkling altar of Nemelex Xobeh.
  2379 | D:4      | Identified the +0 ring mail "Cemy" {rPois Str+2 Int+3}
  2554 | D:4      | Found Kidepnif's Serpentskin Sales.
  2554 | D:4      | Noticed a water moccasin
  2554 | D:4      | Noticed a water moccasin
  2559 | D:4      | Killed a water moccasin
  2560 | D:4      | Reached skill level 5 in Polearms
  2560 | D:4      | Reached XP level 6. HP: 49/49 MP: 6/6
  2562 | D:4      | Killed a water moccasin
  2697 | D:4      | Found Qapeosut's Antique Weapon Shop.
  2733 | D:4      | Bought a broad axe for 88 gold pieces
  2764 | D:4      | Gained mutation: You sometimes gain a little power by
                  | taking damage. [demonic ancestry]
  2764 | D:4      | Reached XP level 7. HP: 48/55 MP: 7/7
  3107 | D:4      | Found Mabu Qecw's Magic Scroll Shop.
  3194 | D:4      | Reached skill level 1 in Axes
  3503 | D:5      | Entered Level 5 of the Dungeon
  3746 | D:5      | Found a staircase to the Ecumenical Temple.
  3800 | Temple   | Entered the Ecumenical Temple
  4412 | D:5      | Found a runed translucent door.
  4435 | D:5      | Found a runed translucent door.
  4501 | D:5      | Reached skill level 5 in Fighting
  5218 | D:6      | Found a sacrificial altar of Ru.
  5276 | D:6      | Reached XP level 8. HP: 54/63 MP: 8/8
  5611 | D:6      | Identified the +12 great sword of Bociqitz {vorpal, +Blink
                  | rN+}
  5753 | D:7      | Reached skill level 5 in Dodging
  5929 | D:7      | Killed from afar by an electric eel

Illustrated notes

Levels and vault maps discovered:
D:1:      dpeg_arrival_ternary, layout_rooms
D:2:      layout_rooms, basic_altar, serial_shops, nicolae_shop_statue_plus,
          shop, shop, nicolae_diamond_shop, shop, uniq_natasha
D:3:      minmay_diamond_boxcup, layout_rooms, nicolae_wu_jian_wuxing_cycle,
          grunt_ministairs_15
D:4:      layout_gridville, mainiacjoe_overflow_surrounded_room, serial_shops,
          nicolae_shop_trees, corner_web_ring, nicolae_take_the_stairs,
          guppyfry_shop_venom
D:5:      lemuel_insect_pit, layout_loops_cross, temple_hall
D:6:      layout_cave_pools, mainiacjoe_overflow_six_doors_small,
          kennysheep_small_square
D:7:      layout_basic, mainiacjoe_overflow_boulevard, gammafunk_ghost_hive,
          chequers_garden, fountainhead, grunt_decor_one_mirror,
          hangedman_decor_clover_reticule, uniq_maggie, uniq_prince_ribbit1,
          uniq_joseph
Temple:   compressed_dpeg_triangle_lava_temple

Skill      XL: |  1  2  3  4  5  6  7  8 |
---------------+-------------------------+-----
Polearms       | 3 4 5 |  5.3
Dodging        | 2 3 4 5 |  5.0
Fighting       | 4 5 |  5.9
Axes           | 3 4 |  4.6
Armour         | |  1.7

Action                   |  1- 3 |  4- 6 |  7- 9 || total
-------------------------+-------+-------+-------++-------
Melee: Spear             |    51 |   156 |    84 ||   291
       Touch             |     4 |    19 |    20 ||    43
       Headbutt          |     2 |    15 |    21 ||    38
       Punch             |       |     1 |     1 ||     2
       Broad axe         |       |       |    11 ||    11
Throw: Stone             |       |     2 |       ||     2
Invok: Berserk           |       |     1 |     2 ||     3
       Trog's Hand       |       |       |     1 ||     1
  Use: Scroll            |       |     5 |    14 ||    19
 Stab: Sleeping          |     2 |       |       ||     2
Armor: Ring mail         |     9 |     1 |       ||    10
       Animal skin       |     1 |       |       ||     1
       Chain mail        |       |    37 |    26 ||    63
Dodge: Dodged            |    16 |    35 |    37 ||    88
